[Event "Young Talents Mukachevo 2020"]
[Site "Mukachevo"]
[Date "2020.11.24"]
[Round "3.3"]
[White "Osadchuk, Dmitry"]
[Black "Prokofiev, Valentyn"]
[Result "1/2-1/2"]
[ECO "E81"]
[WhiteElo "2173"]
[BlackElo "2095"]
[Annotator "NA RC"]
[PlyCount "172"]
[EventDate "2020.11.23"]
[EventType "tourn"]
[EventCountry "UKR"]
[SourceTitle "playchess.com"]
[Source "ChessBase"]
[SourceQuality "1"]
[TimeControl "40/5400+30:900+30"]

1. e4 g6 2. d4 Bg7 3. c4 d6 4. Nc3 Nf6 5. f3 O-O 6. Be3 Nbd7 7. Bd3 c5 8. Nge2 {[%emt 0:00:13] The main line 8.Nge2 scores better than 8.d5.} b6 9. Qd2 cxd4 10. Nxd4 Bb7 11. O-O Rc8 {[%emt 0:01:13] [#]} 12. Rac1 $146 ({Predecessor:} 12. b3 a6 13. Rac1 e6 14. Rfd1 Re8 15. Bf1 Qc7 16. Kh1 Bf8 17. Bh6 Bxh6 18. Qxh6 {1-0 (81) Shimanov,A (2587)-Moiseenko,V (2526) Khanty-Mansiysk 2019}) 12... Nc5 13. Rfd1 Qd7 14. Bf1 Rfd8 15. b4 Ne6 16. Nb3 Qc7 17. a4 Qb8 18. a5 Nd7 19. Nd5 Bxd5 20. cxd5 Nef8 21. Nd4 Rxc1 22. Rxc1 Bxd4 23. Bxd4 Rc8 24. a6 Rc7 25. Bb5 Qc8 26. Rxc7 Qxc7 27. Qc3 Qxc3 28. Bxc3 Nb8 29. Bd4 Nfd7 30. Kf2 Kf8 31. Ke3 e5 32. dxe6 $1 fxe6 33. f4 (33. Kd2 $18) 33... e5 34. Bc3 Ke7 35. g3 Kf6 36. Kd3 Nf8 (36... Ke7 $16 37. h3 Ke6 38. Bc4+ Kf6) 37. Bd2 (37. g4 $16) 37... Ne6 38. h4 Nc7 39. fxe5+ Kxe5 $2 {[%emt 0:04:40] [#]} (39... dxe5 $14 40. Bc4 Ncxa6) 40. Bc4 $1 Kf6 41. Bg5+ Kg7 42. Bf4 b5 43. Bxd6 Nbxa6 44. Bd5 Kf6 45. Bb7 Ke6 46. e5 Nxb4+ 47. Bxb4 Kxe5 $18 48. Bc5 a6 49. Bd4+ Kd6 50. Ke4 a5 51. Be5+ Kd7 52. Bxc7 Kxc7 53. Bd5 a4 54. Bg8 a3 55. Kd4 Kd6 56. Kc3 h6 57. Bf7 Ke5 58. Bxg6 b4+ 59. Kb3 Kd4 60. Bf7 Ke3 61. Bd5 Kd4 62. Bc6 Ke5 63. Bb7 Kf5 64. Bf3 Ke5 65. Kc2 Kf5 66. Kb3 Ke5 67. Ka2 Kf5 68. Bd1 Ke4 69. Bh5 Kf5 70. Kb3 Ke4 71. Ka2 Kf5 72. Bf3 Ke5 73. Kb3 Kf5 74. h5 Kg5 75. Be2 Kf5 76. Bd1 Kg5 77. Bf3 Kf5 78. Bd5 Kg4 79. Kxb4 Kxg3 80. Kxa3 Kh4 81. Bf3 Kg5 82. Kb4 Kf6 83. Kc5 Kg7 84. Kd6 Kg8 85. Ke6 Kg7 86. Ke7 Kh7 1/2-1/2

[Event "Young Talents Mukachevo 2020"]
[Site "Mukachevo"]
[Date "2020.11.28"]
[Round "9.3"]
[White "Samunenkov, Ihor"]
[Black "Lozynskyi, Bohdan"]
[Result "0-1"]
[ECO "D02"]
[WhiteElo "2142"]
[BlackElo "2077"]
[Annotator "ChessBase"]
[PlyCount "96"]
[EventDate "2020.11.23"]
[EventType "tourn"]
[EventCountry "UKR"]
[SourceTitle "playchess.com"]
[Source "ChessBase"]
[SourceQuality "1"]
[TimeControl "40/5400+30:900+30"]

1. d4 d5 2. Nf3 Nf6 3. g3 e6 4. Bg2 Be7 5. c4 O-O 6. O-O dxc4 7. Qa4 a6 8. Qxc4 b5 9. Qc2 Bb7 10. Bd2 Be4 11. Qc1 c6 12. Rd1 Nbd7 13. Nc3 Bg6 14. a3 Rc8 15. b4 Nd5 16. Re1 N5b6 17. Bg5 f6 18. Bf4 Nc4 19. Bh3 Bf5 20. Bxf5 exf5 21. Qc2 g6 22. e4 fxe4 23. Nxe4 Ndb6 24. Nc5 Bxc5 25. dxc5 Nd5 26. Bh6 Re8 27. Rxe8+ Qxe8 28. Re1 Qd7 29. Nd2 Nxd2 30. Bxd2 Re8 31. Rxe8+ Qxe8 32. a4 Qe2 33. axb5 axb5 34. Qa2 g5 35. h4 gxh4 36. gxh4 Qg4+ 37. Kh2 Qxh4+ 38. Kg1 Qg4+ 39. Kh2 Qe2 40. Kg3 Kf7 41. Qc2 Qe5+ 42. Kg2 f5 43. Qa2 Qe4+ 44. Kg1 Qg4+ 45. Kh2 f4 46. Qa7+ Ne7 47. Qc7 Qh5+ 48. Kg1 Qd1+ 0-1